 Dungeon Crawl Stone Soup version 0.30-a0-862-g1aabd4f9c5 (webtiles) character file.

Game seed: 15945513262902531303

184 Ijustatesigmund the Conjurer (level 5, -4/28 HPs)
             Began as a Deep Elf Conjurer on Mar 9, 2023.
             Was an Initiate of Vehumet.
             Slain by a water moccasin (6 damage)
             ... on level 4 of the Dungeon.
             The game lasted 00:07:34 (3257 turns).

Ijustatesigmund the Conjurer (Deep Elf Conjurer)    Turns: 3257, Time: 00:07:35

Health: -4/28      AC:  4    Str:  7    XL:     5   Next: 36%
Magic:  7/14       EV: 12    Int: 28    God:    Vehumet [......]
Gold:   1013       SH:  0    Dex: 13    Spells: 5/14 levels left

rFire   + . .      SeeInvis .    l - +7 sling "Foavool" {heavy, rF+ Str+3 Int+3}
rCold   . . .      Faith    .    (no shield)
rNeg    . . .      Spirit   .    a - +0 robe
rPois   .          Reflect  .    (no helmet)
rElec   .          Rampage  .    (no cloak)
rCorr   .                        (no gloves)
Will    .....                    p - +1 pair of boots
Stlth   ++                       (no amulet)
HPRegen 0.24/turn                (no ring)
MPRegen 0.14/turn                (no ring)

@: lethally poisoned (-4 -> -10), very slightly contaminated
A: no striking features
a: Renounce Religion


You were on level 4 of the Dungeon.
You worshipped Vehumet.
Vehumet was noncommittal.
You visited 2 branches of the dungeon, and saw 5 of its levels.

You collected 1013 gold pieces.

Inventory:

Hand Weapons
 c - a +3 short sword of protection
 l - the +7 sling "Foavool" (weapon) {heavy, rF+ Str+3 Int+3}
   (You found it on level 2 of the Dungeon)

   Str:       It affects your strength (+3).
   Int:       It affects your intelligence (+3).
   rF:        It protects you from fire.
Missiles
 k - a throwing net
Armour
 a - a +0 robe (worn)
 f - a +0 buckler
 p - a +1 pair of boots (worn)
Scrolls
 d - 2 scrolls of torment {unknown}
 e - a scroll of noise {unknown}
Potions
 b - a potion of magic
 i - a potion of resistance
 j - 2 potions of curing
 m - a potion of mutation
 n - 2 potions of attraction
 o - 2 potions of cancellation


   Skills:
 + Level 3.0 Ranged Weapons
 - Level 2.4 Dodging
 - Level 2.4 Stealth
 + Level 5.0 Spellcasting
 + Level 5.5 Conjurations
 + Level 1.3 Translocations


You had 5 spell levels left.
You knew the following spells:

 Your Spells              Type           Power      Damage    Failure   Level
a - Magic Dart            Conj           100%       1d8       1%          1
b - Searing Ray           Conj           76%        2d7       1%          2
c - Iskenderun's Mystic   Conj/Tloc      26%        2d7       16%         4
d - Momentum Strike       Conj/Tloc      52%        3d9       2%          2

Your spell library contained the following spells:

 Spells                   Type           Power      Damage    Failure   Level
 Kiss of Death            Conj/Necr      88%        2d12      2%          1
 Shock                    Conj/Air       88%        1d8       2%          1
 Blink                    Tloc           28%        N/A       6%          2
 Lesser Beckoning         Tloc           28%        N/A       6%          2
 Dazzling Flash           Conj/Hex       44%        N/A       6%          3
 Scorch                   Fire           14%        2d5       10%         2
 Confusing Touch          Hex            7%         N/A       21%         3
 Swiftness                Air            7%         N/A       21%         3
 Flame Wave               Conj/Fire      22%        2d8       22%         4
 Fulminant Prism          Conj/Hex       11%        3d9       22%         4
 Airstrike                Air            3%         2d(1-17)  54%         4
 Dispel Undead            Necr           7%         3d8       54%         4
 Summon Cactus Giant      Summ           3%         N/A       100%        6


Dungeon Overview and Level Annotations

Branches:
Dungeon (4/15)             Temple (1/1) D:4

Altars:
Elyvilon
Makhleb
Ru
Vehumet
Wu Jian
Yredelemnul
Zin


Message History

The spell is extremely dangerous to miscast (16% risk of failure)!
Continue anyway?
You erupt in a blast of force!
The mystic blast hits the water moccasin.
The water moccasin is almost dead.
The water moccasin is knocked back by the mystic blast.
A goblin comes into view. It is wielding a +0 dagger.
Fire: l) +7 sling "Foavool" {heavy, rF+ Str+3 Int+3}
Press: ? - help, Q - select action, (/) - cycle Shift-Dir - straight line, f/p - water moccasin
Aim: a water moccasin (almost dead, 48% to hit)
You shoot a sling bullet.
The sling bullet misses the water moccasin.
The goblin shouts!
The water moccasin completely misses you.
Fire: l) +7 sling "Foavool" {heavy, rF+ Str+3 Int+3}
Press: ? - help, Q - select action, (/) - cycle Shift-Dir - straight line, f/p - water moccasin
Aim: a water moccasin (almost dead, 48% to hit)
You shoot a sling bullet.
The sling bullet misses the water moccasin.
The water moccasin bites you.
* * * LOW HITPOINT WARNING * * *
You are lethally poisoned!
The water moccasin poisons you! The water moccasin closely misses you.
The water moccasin barely misses you.
You feel better. The water moccasin bites you.
* * * LOW HITPOINT WARNING * * *
You are lethally poisoned!
The water moccasin poisons you!
Okay, then.
Unknown command.
Fire: l) +7 sling "Foavool" {heavy, rF+ Str+3 Int+3}
Press: ? - help, Q - select action, (/) - cycle Shift-Dir - straight line, f/p - water moccasin
Aim: a water moccasin (severely wounded, 48% to hit)
You shoot a sling bullet.
The sling bullet hits the water moccasin.
The water moccasin is almost dead.
* * * LOW HITPOINT WARNING * * *
You feel very sick.
The water moccasin bites you but does no damage.
The water moccasin closely misses you. The water moccasin bites you.
You die...

#.# # ###. #.# # ... #.#
# ######.####.#########
#.....>..............
#......####..#######.
.###).............## ##
....<.....#######..#####
###.#g@#.# ##..##..
?.....S.#.# #######..'†.
####....#.# #.......##..
#....+.# #.......####
......### #.........#
>......# ###.......##
......### #.........
...... ######....
#.......


You could see a water moccasin and a goblin.

Vanquished Creatures
  3 gnolls (D:2)
  5 adders
  A worm (D:2)
  2 dart slugs
  14 orcs
  9 ball pythons
  5 endoplasms
  A giant cockroach (D:4)
  6 goblins
  9 hobgoblins
  4 jackals (D:3)
  2 kobolds (D:2)
  6 quokkas
  4 bats
  2 frilled lizards (D:1)
  11 rats
84 creatures vanquished.

Notes
Turn   | Place    | Note
-------+----------+-------------------------------------------
     0 | D:1      | Ijustatesigmund the Deep Elf Conjurer began the quest for
                  | the Orb.
     0 | D:1      | Reached XP level 1. HP: 10/10 MP: 6/6
   304 | D:1      | Reached XP level 2. HP: 15/15 MP: 5/8
   307 | D:1      | Learned a level 2 spell: Searing Ray
   380 | D:1      | Found a faded altar of an unknown god.
   838 | D:2      | Identified the +7 sling "Foavool" {heavy, rF+ Str+3 Int+3}
   934 | D:2      | Reached XP level 3. HP: 19/19 MP: 8/10
  1002 | D:2      | Reached skill level 1 in Ranged Weapons
  1002 | D:2      | Reached skill level 5 in Conjurations
  1181 | D:2      | Reached XP level 4. HP: 24/24 MP: 12/12
  1426 | D:3      | Learned a level 4 spell: Iskenderun's Mystic Blast
  1429 | D:3      | Learned a level 2 spell: Momentum Strike
  2181 | D:3      | Reached XP level 5. HP: 28/28 MP: 14/14
  2191 | D:3      | Reached skill level 1 in Translocations
  2306 | D:3      | Identified a scroll of acquirement
  2306 | D:3      | Acquired 759 gold pieces
  2702 | D:4      | Reached skill level 5 in Spellcasting
  2863 | D:4      | Found a staircase to the Ecumenical Temple.
  2872 | Temple   | Entered the Ecumenical Temple
  2912 | Temple   | Became a worshipper of Vehumet
  3243 | D:4      | Noticed a water moccasin
  3257 | D:4      | Slain by a water moccasin

Illustrated notes

Levels and vault maps discovered:
D:1:      dpeg_arrival_tiny_i, layout_basic, basic_ecumenical_altar
D:2:      layout_rooms
D:3:      minmay_razor_zed, layout_basic, serial_curves, eino_curves_03,
          eino_curves_01, dk_noncrumbling_2, minmay_misc_feat_nine_boxes
D:4:      layout_basic, minmay_temple_entry_wispy
Temple:   nicolae_temple_little_seven

Skill      XL: |  1  2  3  4  5 |
---------------+----------------+-----
Spellcasting   | 4 5 |  5.0
Ranged Weapons | 1 2 3 |  3.0
Conjurations   | 5 |  5.5
Translocations | 1 |  1.3
Dodging        | |  2.4
Stealth        | |  2.4

Action                     |  1- 3 |  4- 6 || total
---------------------------+-------+-------++-------
  Melee: Great sword       |     3 |       ||     3
   Fire: Sling             |    30 |    94 ||   124
   Cast: Magic Dart        |    24 |       ||    24
         Searing Ray       |     1 |     2 ||     3
         Iskenderun's Myst |       |     2 ||     2
    Use: Scroll            |       |    12 ||    12
         Potion            |       |     4 ||     4
 Armour: Robe              |     7 |    11 ||    18
  Dodge: Dodged            |    28 |    37 ||    65

Table legend: (Time is in decaauts)
 A = Elapsed time spent in this place.
 B = Non-inter-level travel time spent in this place.
 C = Inter-level travel time spent in this place.
 D = Time resting spent in this place.
 E = Time spent auto-exploring this place.
 F = Levels seen in this place.
 G = Mean time per level.
                   A        B        C        D        E       F      G
               +--------+--------+--------+--------+--------+-----+--------+
         Total |   3367 |   3245 |    122 |    342 |   2375 |   5 |  673.4 |
       Dungeon |   3318 |   3205 |    113 |    342 |   2347 |   4 |  829.5 |
        Temple |     48 |     40 |      8 |      0 |     28 |   1 |   48.0 |
               +--------+--------+--------+--------+--------+-----+--------+

Top non-repeatable levels by time:
     D:3: 1199 daAuts
     D:1: 868 daAuts
     D:4: 652 daAuts
     D:2: 597 daAuts
  Temple: 48 daAuts
